 Dungeon Crawl Stone Soup version 0.31.0-32-g396128a36d (webtiles) character file.

Game seed: 6710633428065620768

63 bnorton916 the Firebug (level 3, 0/19 HPs)
             Began as a Deep Elf Fire Elementalist on Apr 15, 2024.
             Splashed by a jelly's acid (6 damage)
             ... on level 3 of the Dungeon.
             The game lasted 00:01:54 (2558 turns).

bnorton916 the Firebug (Deep Elf Fire Elementalist) Turns: 2558, Time: 00:01:55

Health: 0/19       AC:  2    Str:  7    XL:     3   Next: 89%
Magic:  2/10       EV: 12    Int: 19    God:
Gold:   143        SH:  0    Dex: 15    Spells: 6/9 levels left

rFire   . . .        (no weapon)
rCold   . . .        (no shield)
rNeg    . . .        a - +0 robe
rPois   .            (no helmet)
rElec   .            (no cloak)
rCorr   .            (no gloves)
SInv    .            (no boots)
Will    .....        (no amulet)
Stlth   ++           (no ring)
HPRegen 0.23/turn    (no ring)
MPRegen 0.12/turn

%: no passive effects
@: no status effects
A: no striking features
a: no special abilities


You were on level 3 of the Dungeon.
You visited 1 branch of the dungeon, and saw 3 of its levels.

You collected 143 gold pieces.

Inventory:

Armour
 a - a +0 robe (worn)
 e - +0 pearl dragon scales
Jewellery
 g - a ring of resist corrosion
Scrolls
 c - a scroll of acquirement {unknown}
 d - a scroll of teleportation {unknown}
 h - a scroll of amnesia {unknown}
 i - a scroll of revelation {unknown}
 m - a scroll of enchant armour {unknown}
 o - a scroll of immolation {unknown}
Potions
 b - a potion of magic
 f - a potion of brilliance {unknown}
 j - a potion of lignification {unknown}
 k - a potion of resistance {unknown}
 l - a potion of might {unknown}
 n - a potion of cancellation {unknown}


   Skills:
 + Level 0.8 Armour
 - Level 2.4 Dodging
 - Level 2.4 Stealth
 + Level 3.9 Spellcasting
 + Level 2.3 Conjurations
 + Level 4.0 Fire Magic


You had 6 spell levels left.
You knew the following spells:

 Your Spells              Type           Power      Damage    Failure   Level
a - Foxfire               Conj/Fire      60%        2x1d7     3%          1
b - Scorch                Fire           38%        2d6       4%          2

Your spell library contained the following spells:

 Spells                   Type           Power      Damage    Failure   Level
 Inner Flame              Hex/Fire       11%        N/A       19%         3
 Volatile Blastmotes      Fire/Tloc      22%        2d11      19%         3
 Flame Wave               Conj/Fire      15%        2d7       36%         4
 Animate Armour           Summ/Erth      6%         N/A       80%         4
 Summon Lightning Spire   Summ/Air       3%         N/A       80%         4
 Lee's Rapid Deconstruct  Erth           1%         3d4*      98%         5


Dungeon Overview and Level Annotations

Branches:
Dungeon (3/15)

Altars:


Message History

You kill the goblin!
A hobgoblin comes into view.
Casting: Foxfire (safe; 3% risk of failure)
Confirm with . or Enter, or press ? or * to list all spells.
You conjure some foxfire!
The foxfire hits the rat but does no damage.
The rat is moderately wounded.
The rat barely misses you.
The foxfire hits the rat.
You kill the rat!
A jelly comes into view.
The foxfire hits the hobgoblin.
The hobgoblin is almost dead.
Casting: Foxfire (safe; 3% risk of failure)
Confirm with . or Enter, or press ? or * to list all spells.
You conjure some foxfire!
The jelly quivers.
The foxfire hits the hobgoblin.
You kill the hobgoblin!
A jelly is nearby!
Casting: Foxfire (safe; 3% risk of failure)
Confirm with . or Enter, or press ? or * to list all spells.
You conjure some foxfire!
The foxfire hits the jelly.
The jelly is lightly wounded.
The foxfire hits the jelly.
The jelly is moderately wounded.
Casting: Foxfire (safe; 3% risk of failure)
Confirm with . or Enter, or press ? or * to list all spells.
You conjure some foxfire!
The jelly completely misses you.
The foxfire hits the jelly.
The jelly is heavily wounded.
The foxfire hits the jelly.
The jelly is severely wounded.
The jelly hits you.
You are splashed with acid!
Ouch! That really hurt!
Casting: Foxfire (safe; 3% risk of failure)
Confirm with . or Enter, or press ? or * to list all spells.
You conjure some foxfire!
The jelly hits you.
You are splashed with acid.
You die...

.#. ##.. ..
...#...#. .....#..
#. #.#....
..####.....#
>........#..##.#..
#.........v.))...#
..........@#
.........vJ#
..........# .
.........## ..
#...#.....#...
##.##....^...#
..##.#..##.......
#......<....###.
#..#...###.....#


You could see a jelly (ally target).

Vanquished Creatures
  An adder (D:2)
  2 dart slugs (D:2)
  6 endoplasms
  5 hobgoblins
  4 jackals (D:2)
  3 quokkas
  5 ball pythons
  8 bats
  A frilled lizard (D:1)
  7 goblins
  A kobold (D:1)
  4 rats
47 creatures vanquished.

Vanquished Creatures (others)
  210 foxfires
210 creatures vanquished.

Grand Total: 257 creatures vanquished

Notes
Turn   | Place    | Note
-------+----------+-------------------------------------------
     0 | D:1      | bnorton916 the Deep Elf Fire Elementalist began the quest
                  | for the Orb.
     0 | D:1      | Reached XP level 1. HP: 10/10 MP: 6/6
   395 | D:1      | Reached XP level 2. HP: 15/15 MP: 6/8
  1361 | D:2      | Reached XP level 3. HP: 17/19 MP: 5/10
  1364 | D:2      | Learned a level 2 spell: Scorch
  1926 | D:2      | Reached skill level 4 in Fire Magic
  2558 | D:3      | Splashed by a jelly's acid

Illustrated notes

Levels and vault maps discovered:
D:1:      dpeg_arrival_tiny_j, layout_loops_ring
D:2:      minmay_door_path, layout_basic, minmay_misc_feat_enclosed
D:3:      layout_rooms, uniq_robin

Skill      XL: |  1  2  3 |
---------------+----------+-----
Conjurations   | 2 |  2.3
Fire Magic     | 4 |  4.0
Armour         | |  0.8
Dodging        | |  2.4
Stealth        | |  2.4
Spellcasting   | |  3.9

Action                     || total
---------------------------++-------
   Cast: Foxfire           ||   128
         Scorch            ||     3
 Armour: Robe              ||    12
  Dodge: Dodged            ||    13
